 Dungeon Crawl Stone Soup version 0.24.0-123-gd5b16e6ec5 (webtiles) character file.

Game seed: 18039005773579829284, levelgen mode: deterministic

41 brucemayne the Chopper (level 3, -2/31 HPs)
             Began as a Hill Orc Monk on Jan 23, 2020.
             Slain by a worm (7 damage)
             ... on level 2 of the Dungeon.
             The game lasted 00:01:42 (580 turns).

brucemayne the Chopper (Hill Orc Monk)               Turns: 580, Time: 00:01:42

Health: -2/31      AC:  3    Str: 14    XL:     3   Next: 52%
Magic:  3/3        EV: 12    Int: 10    God:
Gold:   112        SH:  0    Dex: 13    Spells: 2/2 levels left

rFire    . . .     SeeInvis .   r - +2 dagger (venom)
rCold    . . .     Gourm    .   (no shield)
rNeg     . . .     Faith    .   d - +0 leather armour
rPois    .         Spirit   .   (no helmet)
rElec    .         Reflect  .   (no cloak)
rCorr    .         Harm     .   (no gloves)
MR       +....                  (no boots)
Stlth    ++........             (no amulet)
HPRegen  0.10/turn              f - ring of protection from magic
MPRegen  0.08/turn              (no ring)

@: lethally poisoned (-2 -> -11)
A: no striking features
a: no special abilities


You were on level 2 of the Dungeon.
You were not hungry.

You visited 1 branch of the dungeon, and saw 2 of its levels.

You collected 112 gold pieces.

Inventory:

Hand Weapons
 a - a +0 hand axe
 r - a +2 dagger of venom (weapon)
Armour
 b - a +0 robe
 d - a +0 leather armour (worn)
Jewellery
 f - a ring of protection from magic (left hand)
 o - an uncursed ring of flight
Scrolls
 h - a scroll of identify {unknown}
 i - 2 scrolls of teleportation {unknown}
 j - a scroll of amnesia {unknown}
 k - a scroll of magic mapping {unknown}
 p - a scroll of random uselessness {unknown}
Potions
 e - 2 potions of curing
 g - a potion of berserk rage {unknown}
 l - a potion of might {unknown}
 m - a potion of flight {unknown}
 n - a potion of resistance {unknown}
 q - 3 potions of heal wounds {unknown}
Comestibles
 c - a ration


   Skills:
 - Level 3.6 Fighting
 + Level 5.9 Axes
 - Level 2.4 Dodging
 - Level 1.5 Stealth


You had 2 spell levels left.
You didn't know any spells.
Your spell library was empty.

Dungeon Overview and Level Annotations

Branches:
Dungeon (2/15)

Altars:


Message History

You kill the kobold!
You feel sick.
You feel sick.
You see here a +2 dagger of venom.
r - a +2 dagger of venom You feel sick.
Your +2 dagger of venom begins to drip with poison!
r - a +2 dagger of venom (weapon)
You feel sick.
You feel sick.
You completely miss the worm.
You feel sick. The worm closely misses you.
You hit the worm but do no damage.
You feel sick.
You hit the worm but do no damage.
The worm is poisoned.
You feel sick. The worm bites you!
* * * LOW HITPOINT WARNING * * *
You hit the worm.
The worm looks as sick as possible!
The worm is lightly wounded.
* * * LOW HITPOINT WARNING * * *
You feel sick. The worm bites you!
You die...

...........
...#.##.#.w #####.#
#.#.. #<#... ##.#w#
#.#.###.#<...#
.#######.......##.###
...............#.....
######........w......#
#....@w..............#
#.####...............#
# #........#........#
#.................#
############.#


You could see a worm.

Vanquished Creatures
  An ooze (D:1)
  2 dart slugs (D:1)
  5 giant cockroaches (D:1)
  4 goblins (D:1)
  2 hobgoblins (D:1)
  5 jackals (D:1)
  4 frilled lizards
  5 kobolds
  2 rats (D:1)
30 creatures vanquished.

Notes
Turn   | Place    | Note
-------+----------+-------------------------------------------
     0 | D:1      | brucemayne the Hill Orc Monk began the quest for the Orb.
     0 | D:1      | Reached XP level 1. HP: 19/19 MP: 1/1
   241 | D:1      | Reached XP level 2. HP: 24/26 MP: 2/2
   342 | D:1      | Reached skill level 5 in Axes
   400 | D:1      | Reached XP level 3. HP: 20/31 MP: 3/3
   580 | D:2      | Slain by a worm

Levels and vault maps discovered:
D:1:      saegor_arrival_simple_a, layout_rooms, serial_corexii_hall,
          chequers_hall_statues_wall_a, corexii_hall_statues_deadend,
          minmay_octomino_c4
D:2:      minmay_evil_eye, layout_basic, doesnt_xom_only_xom, first_ration,
          uniq_jessica

Skill      XL: |  1  2 |
---------------+-------+-----
Axes           | 5 |  5.9
Fighting       | |  3.6
Dodging        | |  2.4
Stealth        | |  1.5

Action                   || total
-------------------------++-------
Melee: Hand axe          ||    97
       Dagger            ||     4
  Use: Potion            ||     1
Armor: Leather armour    ||    31
Dodge: Dodged            ||    67
